 Dungeon Sprint DCSS version 0.23.2-30-g0e89c35649 (webtiles) character file.

Game seed: 11182955156472637534

440 Kobolds4U the Nimble (level 6, -3/51 HPs)
             Began as a Minotaur Berserker on June 12, 2019.
             Was a Believer of Trog.
             Slain by a slime creature (8 damage)
             ... in the Dungeon (Sprint I: "Red Sonja").
             The game lasted 00:01:07 (684 turns).

Kobolds4U the Nimble (Minotaur Berserker)            Turns: 684, Time: 00:01:08

Health: -3/51      AC:  5    Str: 21    XL:     6   Next: 70%
Magic:  5/5        EV: 17    Int:  4    God:    Trog [**....]
Gold:   310        SH:  0    Dex: 12    Spells: 5/5 levels left

rFire    . . .     SeeInvis .   a - +0 falchion
rCold    . . .     Gourm    .   (no shield)
rNeg     . . .     Faith    .   l - +0 ring mail
rPois    .         Spirit   .   (helmet restricted)
rElec    .         Reflect  .   (no cloak)
rCorr    .         Harm     .   (no gloves)
MR       .....     NoTele   +   (no boots)
Stlth    +.........             (no amulet)
HPRegen  0.17/turn              (no ring)
MPRegen  0.09/turn              (no ring)

@: no status effects
A: retaliatory headbutt, horns 2
a: Berserk, Trog's Hand, Renounce Religion


You were in the Dungeon.
You worshipped Trog.
Trog was pleased with you.
You were not hungry.

You visited 1 branch You collected 310 gold pieces.

Inventory:

Hand Weapons
 a - a +0 falchion (weapon)
Armour
 l - a +0 ring mail (worn)
Scrolls
 i - a scroll of blinking
Potions
 d - a potion of curing
 e - a potion of heal wounds
 f - a potion of haste
 g - 2 potions of magic
 h - a potion of berserk rage
 j - a potion of flight {unknown}
Comestibles
 c - a ration


   Skills:
 - Level 3.6 Fighting
 + Level 10.6 Long Blades
 - Level 2.4 Armour
 * Level 12.6 Dodging


You had 5 spell levels left.
You didn't know any spells.
Your spell library was empty.

Dungeon Overview and Level Annotations

Branches:
Dungeon (1/1)

Altars:
Cheibriados
Dithmenos
Elyvilon
Fedhas
Gozag
Hepliaklqana
Kikubaaqudgha
Makhleb
Nemelex Xobeh
Okawaru
Qazlal
Ru
Sif Muna
Trog
Uskayaw
Vehumet
Wu Jian
Xom
Yredelemnul
Zin
The Shining One
Jiyva
Lugonu

Shops:
D (


Innate Abilities, Weirdness & Mutations

You reflexively headbutt those who attack you in melee.
You have a pair of horns on your head.


Message History

The slime creature is moderately wounded.
You barely miss the slime creature.
The slime creature is moderately wounded.
The slime creature hits you!
You slash the slime creature!
The slime creature is moderately wounded.
The slime creature hits you!
You hit the slime creature.
The slime creature is moderately wounded.
You slash the slime creature!
The slime creature is heavily wounded.
The slime creature hits you!!
* * * LOW HITPOINT WARNING * * *
You hit the slime creature but do no damage.
The slime creature is heavily wounded.
The slime creature closely misses you.
You hit the slime creature.
The slime creature is heavily wounded.
The slime creature hits you!
You die...

################ ##
#<.#.[)..#.)'..#__#
#..'..#..'..#.@J..+
#..#####'#####'#__#
#..####..#...#.# ##
#..#__####..##)#
#..#_____##'#_.+
#⌠⌠#_.∩...'..._#
####_..__##_.#'#
#_____###+#.#
####### ###


You could see a slime creature.

Vanquished Creatures
  Sigmund (D)
  A yak (D)
  An ogre (D)
  A jelly (D)
  Ijyb (D)
5 creatures vanquished.

Notes
Turn   | Place    | Note
-------+----------+-------------------------------------------
     0 | D        | Kobolds4U the Minotaur Berserker began the quest for the
                  | Orb.
     0 | D        | Reached XP level 1. HP: 19/19 MP: 0/0
     1 | D        | Noticed Ijyb
    20 | D        | Killed Ijyb
    20 | D        | Reached skill level 5 in Long Blades
    20 | D        | Reached skill level 5 in Dodging
    20 | D        | Reached XP level 2. HP: 12/26 MP: 1/1
   186 | D        | Noticed an ogre
   189 | D        | Killed an ogre
   189 | D        | Reached skill level 8 in Dodging
   189 | D        | Reached XP level 3. HP: 31/31 MP: 2/2
   189 | D        | Reached XP level 4. HP: 39/39 MP: 3/3
   234 | D        | Noticed Sigmund
   249 | D        | Killed Sigmund
   249 | D        | Reached ** piety under Trog
   249 | D        | Reached skill level 11 in Dodging
   249 | D        | Reached XP level 5. HP: 21/45 MP: 4/4
   249 | D        | Reached XP level 6. HP: 24/51 MP: 5/5
   404 | D        | Found an ornate altar of the Wu Jian Council.
   404 | D        | Found a deep blue altar of Sif Muna.
   406 | D        | Found a radiant altar of Vehumet.
   434 | D        | Found Inucvisari's Weapon Emporium.
   434 | D        | Found an ancient bone altar of Kikubaaqudgha.
   434 | D        | Found a hazy altar of Hepliaklqana.
   434 | D        | Found a stormy altar of Qazlal.
   434 | D        | Found a hide-covered altar of Uskayaw.
   434 | D        | Found a blossoming altar of Fedhas.
   434 | D        | Found a bloodstained altar of Trog.
   434 | D        | Found an iron altar of Okawaru.
   434 | D        | Found a basalt altar of Yredelemnul.
   434 | D        | Found a glowing golden altar of the Shining One.
   434 | D        | Found a snail-covered altar of Cheibriados.
   434 | D        | Found a sacrificial altar of Ru.
   434 | D        | Found a glowing silver altar of Zin.
   434 | D        | Found a shadowy altar of Dithmenos.
   434 | D        | Found a white marble altar of Elyvilon.
   434 | D        | Noticed a yak
   443 | D        | Killed a yak
   443 | D        | Reached skill level 10 in Long Blades
   443 | D        | Reached skill level 12 in Dodging
   444 | D        | Found an opulent altar of Gozag.
   447 | D        | Found a sparkling altar of Nemelex Xobeh.
   676 | D        | Found a burning altar of Makhleb.
   676 | D        | Found a viscous altar of Jiyva.
   676 | D        | Found a shimmering altar of Xom.
   676 | D        | Found a corrupted altar of Lugonu.
   676 | D        | Noticed a slime creature
   684 | D        | Slain by a slime creature

Skill      XL: |  1  2  3  4  5  6 |
---------------+-------------------+-----
Long Blades    | 5 7 9 10 | 10.6
Dodging        | 5 8 11 12 | 12.6
Fighting       | |  3.6
Armour         | |  2.4

Action                   |  1- 3 |  4- 6 || total
-------------------------+-------+-------++-------
Melee: Falchion          |    19 |    30 ||    49
       Headbutt          |     5 |     8 ||    13
Invok: Berserk           |     1 |       ||     1
 Stab: Sleeping          |     1 |       ||     1
Armor: Animal skin       |     2 |       ||     2
       Ring mail         |       |     1 ||     1
Dodge: Dodged            |     8 |    12 ||    20
       Rpst.: Falchion   |     2 |     4 ||     6
